 Dungeon Crawl Stone Soup version 0.18.1-47-g9310371 (console) character file.

22487 Kloppie the Fencer (level 12, -36/199 HPs)
             Began as a Minotaur Berserker on June 20, 2016.
             Was an Elder of Trog.
             Killed from afar by a frost giant (49 damage)
             ... with a bolt of cold
             ... in an ice cave.
             The game lasted 00:19:24 (10066 turns).

Kloppie the Fencer (Minotaur Berserker)            Turns: 10066, Time: 00:19:24

Health: -36/199    AC: 16    Str: 29    XL:     12   Next: 63%
Magic:  11/11      EV: 11    Int:  7    God:    Trog [****..]
Gold:   468        SH:  0    Dex: 13    Spells: 0 memorised, 11 levels left

rFire  . . .     SeeInvis .     a - +0 great sword (flame)
rCold  . . .     Gourm    .     z - +0 chain mail
rNeg   . . .     Faith    .     (shield currently unavailable)
rPois  .         Spirit   .     (helmet restricted)
rElec  .         Dismiss  .     j - +0 cloak
rCorr  .         Reflect  .     u - +0 pair of gloves
SustAt .         Harm     .     d - +0 pair of boots
MR     ++...                    o - amulet of regeneration
Stlth  ..........               h - +3 ring of intelligence
                                p - ring of flight

@: berserking, regenerating, very quick, very resistant to hostile enchantments,
extremely unstealthy
A: retaliatory headbutt, horns 2, robust 1
a: Berserk, Trog's Hand, Brothers in Arms, Burn Spellbooks, Renounce Religion,
Evoke Flight


You were in an ice cave.
You worshipped Trog.
Trog was greatly pleased with you.
You were hungry.

You visited 2 branches of the dungeon, and saw 12 of its levels.
You visited the Abyss 1 time.
You also visited: Ice Cave.

You collected 779 gold pieces.
You spent 311 gold pieces at shops.

Inventory:

Hand Weapons
 a - a +0 great sword of flaming (weapon)
 D - a +0 long sword
Armour
 d - a +0 pair of boots (worn)
 j - a +0 cloak (worn)
 u - a +0 pair of gloves (worn)
 z - a +0 chain mail (worn)
Jewellery
 h - a +3 ring of intelligence (right hand)
 o - an amulet of regeneration (around neck)
 p - a ring of flight (left hand)
Wands
 e - a wand of acid (5/15)
 g - a wand of flame (22/48)
 t - a wand of slowing (48/48)
 y - a wand of lightning (8/15)
 A - a wand of enslavement (21/24)
 B - a wand of polymorph (12/24)
 G - a wand of confusion (28/48)
 I - a wand of paralysis (16/24)
 J - a wand of random effects (23/48)
 K - a wand of paralysis (9/24)
 M - a wand of random effects (46/48)
Scrolls
 i - 2 scrolls of enchant weapon
 l - 3 scrolls of identify
 m - a scroll of fog
 r - a scroll of fear
 E - 3 scrolls of teleportation
 F - a scroll of blinking
 H - a scroll of remove curse
Potions
 k - 6 potions of curing
 n - a potion of cure mutation
 q - 2 potions of heal wounds
 s - 5 potions of might
 v - a potion of flight
 w - a potion of cancellation
 L - a potion of brilliance {unknown}
Comestibles
 b - 6 beef jerkies
 c - 7 bread rations
 f - 5 meat rations
 x - 5 fruits
 C - 7 slices of pizza
 N - 20 chunks of flesh


   Skills:
 + Level 15.2 Fighting
 + Level 17.0 Long Blades
 - Level 10.7 Armour
 + Level 5.4 Dodging


You had 11 spell levels left.
You didn't know any spells.

Dungeon Overview and Level Annotations

Branches:
Dungeon (11/15)            Temple (0/1) D:6            Lair (1/8) D:9
    Orc (0/2) D:9

Altars:
Cheibriados
Dithmenos
Elyvilon
Pakellas
Ru
Sif Muna
Xom
Yredelemnul

Shops:
D:4 *   D:6 :*?   D:7 *   D:11 ?


Innate Abilities, Weirdness & Mutations

You reflexively headbutt those who attack you in melee.
You have a pair of horns on your head.
You are robust (+10% HP).


Message History

You are too injured to fight recklessly!
You are too injured to fight recklessly!
You are too injured to fight recklessly!
A red film seems to cover your vision as you go berserk!
You feel yourself moving faster!
You feel mighty!
You feel somewhat more hungry.
The frost giant hits you with a battleaxe of freezing!
* * * LOW HITPOINT WARNING * * *
The frost giant freezes you.
* * * LOW HITPOINT WARNING * * *
You slice the frost giant!! You burn the frost giant!
You headbutt the frost giant.
The frost giant is moderately wounded.
You slice the frost giant!! You burn the frost giant.
The frost giant is heavily wounded.
You hit the frost giant. You burn the frost giant.
The frost giant is severely wounded.
The frost giant casts a spell at you. The bolt of cold hits you!
You die... #) .$ ##### .### ####...### ...## ###....#...## hCh.#

##.....####..###Y.Y#
#.....#####..##h..#
...#####.#.###hC###
..## #.⌠...###@.#
### ##...#.#.###
####### ######.##
##....### ###
....#...###
######....###
####...## ##...####
# ##.....##


You could see a frost giant and 2 polar bears.

Vanquished Creatures
  Erolcha (D:8)
  3 death yaks (IceCv)
  Pikel (D:6)
  A necromancer (D:9)
  A manticore (D:11)
  Maurice (D:8)
  An ice statue (IceCv)
  11 polar bears (IceCv)
  Grinder (D:5)
  Prince Ribbit (D:8)
  2 trolls
  Sigmund (D:2)
  A wraith (Abyss:1)
  A vampire (D:9)
  A hungry ghost (Abyss:1)
  A human (D:7)
  2 wyverns
  23 yaks
  Eustachio (D:4)
  A hippogriff (D:9)
  A small abomination (Abyss:1)
  A hog (D:7)
  Menkaure (D:5)
  2 hell hounds (D:9)
  An orc warrior (D:7)
  A sky beast (D:7)
  A necrophage (D:5)
  2 slaves (D:6)
  6 ogres
  16 wolves (IceCv)
  3 centaurs
  A crocodile (D:9)
  A big kobold (D:9)
  5 giant frogs
  A gnoll sergeant (D:9)
  A water moccasin zombie (D:8)
  2 scorpions
  5 wights (D:7)
  6 howler monkeys
  2 electric eels (D:11)
  3 crimson imps
  5 hounds
  2 jellies
  5 lava snakes (D:9)
  A centaur zombie (D:7)
  A giant frog skeleton (D:9)
  Crazy Yiuf (D:4)
  4 orc priests
  3 centaur skeletons
  Jessica (D:2)
  2 iguanas (D:4)
  8 worker ants
  Ijyb (D:2)
  2 orc wizards
  6 yak simulacra (D:9)
  A polar bear simulacrum (D:9)
  A wolf simulacrum (D:9)
  3 sheep (D:7)
  A hound zombie (D:7)
  A hound skeleton (D:4)
  Robin (D:4)
  8 adders
  10 gnolls
  2 shadow imps
  2 oozes (D:3)
  An adder skeleton (D:8)
  2 adder zombies
  6 worms
  A dart slug (D:2)
  2 giant geckos (D:6)
  16 orcs
  6 bats
  8 giant cockroaches
  10 goblins
  7 hobgoblins
  4 jackals
  5 kobolds
  7 quokkas
  3 ball pythons
  A giant gecko skeleton (D:6)
  4 giant newts
  7 rats
  3 river rat simulacra (D:9)
283 creatures vanquished.

Vanquished Creatures (others)
  16 starspawn tentacles (Abyss:1)
  234 starspawn tentacle segments (Abyss:1)
250 creatures vanquished.

Grand Total: 533 creatures vanquished

Notes
Turn   | Place    | Note
--------------------------------------------------------------
     0 | D:1      | Kloppie the Minotaur Berserker began the quest for the Orb.
     0 | D:1      | Reached XP level 1. HP: 19/19 MP: 0/0
   220 | D:1      | Reached XP level 2. HP: 26/27 MP: 1/1
   425 | D:1      | Reached skill level 4 in Long Blades
  1148 | D:2      | Reached XP level 3. HP: 27/33 MP: 2/2
  1321 | D:2      | Noticed Jessica
  1323 | D:2      | Killed Jessica
  1344 | D:2      | Reached ** piety under Trog
  1372 | D:2      | Reached XP level 4. HP: 37/41 MP: 3/3
  1492 | D:2      | Noticed Ijyb
  1502 | D:2      | Killed Ijyb
  1519 | D:2      | Noticed Sigmund
  1529 | D:2      | Killed Sigmund
  1529 | D:2      | Reached skill level 5 in Fighting
  1529 | D:2      | Reached skill level 5 in Long Blades
  1529 | D:2      | Reached XP level 5. HP: 48/48 MP: 4/4
  1626 | D:2      | Found a faded altar to an unknown god.
  1828 | D:3      | Reached XP level 6. HP: 56/56 MP: 5/5
  1969 | D:3      | Found a snail-covered altar of Cheibriados.
  2032 | D:3      | Found a sacrificial altar of Ru.
  2064 | D:3      | Found a shimmering altar of Xom.
  2666 | D:4      | You fall through a shaft for 2 floors!
  2697 | D:6      | Reached skill level 6 in Long Blades
  2697 | D:6      | Reached skill level 5 in Armour
  2885 | D:5      | Entered Level 5 of the Dungeon
  3009 | D:5      | Gained mutation: You are robust (+10% HP). [potion of beneficial mutation]
  3016 | D:5      | Reached *** piety under Trog
  3076 | D:5      | Noticed Grinder
  3097 | D:5      | Killed Grinder
  3097 | D:5      | Reached XP level 7. HP: 63/70 MP: 6/6
  3103 | D:5      | Reached skill level 7 in Long Blades
  3299 | D:4      | Noticed Robin
  3320 | D:4      | Killed Robin
  3812 | D:4      | Noticed Crazy Yiuf
  3815 | D:4      | Killed Crazy Yiuf
  4005 | D:4      | Noticed Eustachio
  4043 | D:4      | Killed Eustachio
  4043 | D:4      | Reached XP level 8. HP: 61/80 MP: 7/7
  4066 | D:4      | Found Ruciriut's Assorted Antiques.
  4081 | D:4      | Bought a dark potion for 27 gold pieces
  4081 | D:4      | Bought a curved lead wand for 120 gold pieces
  4375 | D:5      | Reached skill level 8 in Long Blades
  4465 | D:5      | Found a basalt altar of Yredelemnul.
  4821 | D:5      | Noticed Menkaure
  4827 | D:5      | Killed Menkaure
  5014 | D:6      | Found Sisaic's Magic Scroll Shoppe.
  5028 | D:6      | Bought a scroll of identify for 22 gold pieces
  5028 | D:6      | Bought a scroll of identify for 22 gold pieces
  5030 | D:6      | Reached skill level 15 in Long Blades
  5030 | D:6      | Reached XP level 9. HP: 90/90 MP: 8/8
  5031 | D:6      | Reached XP level 10. HP: 110/110 MP: 9/9
  5116 | D:6      | Found Siataywo's General Store.
  5190 | D:6      | Noticed Pikel
  5200 | D:6      | Killed Pikel
  5347 | D:6      | Found Usiqo's Book Emporium.
  5520 | D:6      | Found a staircase to the Ecumenical Temple.
  5577 | D:6      | Cast into level 1 of the Abyss (orc)
  5641 | Abyss:1  | Noticed an apocalypse crab
  5641 | Abyss:1  | Noticed a blizzard demon
  5657 | Abyss:1  | Found a corrupted altar of Lugonu.
  5703 | Abyss:1  | Noticed a rakshasa
  5708 | Abyss:1  | Noticed a tentacled starspawn
  5708 | Abyss:1  | Noticed a tentacled starspawn
  5712 | Abyss:1  | Noticed a thrashing horror
  5750 | D:6      | Escaped the Abyss
  5939 | D:7      | Reached **** piety under Trog
  5948 | D:7      | Found Qis Dan's Assorted Antiques.
  5951 | D:7      | Bought a glowing scimitar for 80 gold pieces
  5951 | D:7      | Bought a scroll labeled KAAMMI NAIMY for 20 gold pieces
  5951 | D:7      | Bought a scroll labeled REIPRE QOMNYSK for 20 gold pieces
  5994 | D:7      | Found a basalt altar of Yredelemnul.
  5997 | D:7      | Found a deep blue altar of Sif Muna.
  6168 | D:7      | Reached XP level 11. HP: 117/117 MP: 10/10
  6586 | D:8      | Noticed Erolcha
  6593 | D:8      | Killed Erolcha
  6942 | D:8      | Noticed Maurice
  6965 | D:8      | Killed Maurice
  7067 | D:8      | Noticed Prince Ribbit
  7075 | D:8      | Killed Prince Ribbit
  7077 | D:8      | Found a white marble altar of Elyvilon.
  7485 | D:9      | Found Jouh's Distillery.
  7511 | D:9      | Found a staircase to the Orcish Mines.
  7854 | D:9      | Found a staircase to the Lair.
  8076 | D:9      | Noticed a necromancer
  8084 | D:9      | Killed a necromancer
  8084 | D:9      | Reached skill level 16 in Long Blades
  8203 | D:9      | Found a shadowy altar of Dithmenos.
  8445 | D:9      | Reached skill level 10 in Armour
  8697 | D:9      | You fall through a shaft for 2 floors!
  8707 | D:11     | Found Bolu's Magic Scroll Shop.
  8825 | D:10     | Entered Level 10 of the Dungeon
  8982 | D:10     | Found an oddly glowing altar of Pakellas.
  9248 | Lair:1   | Entered Level 1 of the Lair of Beasts
  9248 | Lair:1   | Found a frozen archway.
  9255 | IceCv    | Entered an ice cave
  9390 | IceCv    | Reached XP level 12. HP: 125/129 MP: 11/11
  9552 | IceCv    | Noticed a death yak
  9563 | IceCv    | Killed a death yak
  9853 | IceCv    | Reached skill level 15 in Fighting
  9929 | IceCv    | Noticed a death yak
  9954 | IceCv    | Killed a death yak
  9965 | IceCv    | Reached skill level 5 in Dodging
  9974 | IceCv    | Reached skill level 17 in Long Blades
 10045 | IceCv    | Noticed a frost giant
 10045 | IceCv    | Noticed a death yak
 10054 | IceCv    | Killed a death yak
 10066 | IceCv    | Killed from afar by a frost giant

Skill      XL: |  1  2  3  4  5  6  7  8  9 10 11 12 |
---------------+-------------------------------------+-----
Fighting       | 4 5 6 7 8 12 13 14 15 | 15.2
Long Blades    | 4 5 6 7 15 16 17 | 17.0
Armour         | 3 4 5 7 8 10 | 10.7
Dodging        | 5 |  5.4

Action                   |  1- 3 |  4- 6 |  7- 9 | 10-12 || total
-------------------------+-------+-------+-------+-------++-------
Melee: Falchion          |    47 |    81 |   148 |    28 ||   304
       Headbutt          |     5 |    14 |    24 |   122 ||   165
       Long sword        |       |       |       |    41 ||    41
       Great sword       |       |       |       |   507 ||   507
Invok: Berserk           |     1 |     3 |     3 |     3 ||    10
       Trog's Hand       |       |     1 |     2 |     8 ||    11
  Use: Scroll            |       |    11 |     5 |    13 ||    29
       Potion            |       |     1 |     2 |       ||     3
  Eat: Chunk             |     2 |     5 |     7 |    13 ||    27
       Meat ration       |       |     1 |     1 |     1 ||     3
Armor: Animal skin       |     8 |       |       |       ||     8
       Ring mail         |    15 |    18 |       |       ||    33
       Scale mail        |       |    12 |    26 |       ||    38
       Chain mail        |       |       |    64 |   311 ||   375
Dodge: Dodged            |    27 |    46 |    79 |   227 ||   379
